 Dungeon Crawl Stone Soup version 0.25-a0-294-gea9b1ad378 (webtiles) character file.

Game seed: 16432262040572983420, levelgen mode: classic

112 Borgoz the Slasher (level 4, -3/27 HPs)
             Began as a Gargoyle Gladiator on Dec 16, 2019.
             Killed by divine providence
             ... invoked by an orc priest
              (9 damage)
             ... on level 3 of the Dungeon.
             The game lasted 00:01:51 (1609 turns).

Borgoz the Slasher (Gargoyle Gladiator)             Turns: 1609, Time: 00:01:51

Health: -3/27      AC:  8    Str: 18    XL:     4   Next: 95%
Magic:  3/3        EV: 12    Int:  8    God:
Gold:   70         SH:  0    Dex: 12    Spells: 3/3 levels left

rFire    . . .     SeeInvis .   a - +0 long sword
rCold    . . .     Gourm    .   (no shield)
rNeg     + . .     Faith    .   b - +0 leather armour
rPois    ∞         Spirit   .   c - +0 helmet
rElec    +         Reflect  .   (no cloak)
rCorr    .         Harm     .   (no gloves)
MR       .....                  (no boots)
Stlth    +.........             (no amulet)
HPRegen  0.09/turn              (no ring)
MPRegen  0.08/turn              (no ring)

@: no status effects
A: big wings, low mp 1, negative energy resistance 1, electricity resistance,
unbreathing, petrification resistance, rot immunity, MP-powered wands, AC +3
a: Fly


You were on level 3 of the Dungeon.
You were hungry.

You visited 1 branch of the dungeon, and saw 3 of its levels.

You collected 70 gold pieces.

Inventory:

Hand Weapons
 a - a +0 long sword (weapon)
Missiles
 d - 3 throwing nets (quivered)
Armour
 b - a +0 leather armour (worn)
 c - a +0 helmet (worn)
Jewellery
 n - an uncursed amulet of harm {unknown}
Scrolls
 e - 3 scrolls of identify {unknown}
 h - 2 scrolls of amnesia {unknown}
 j - 2 scrolls of teleportation {unknown}
 m - a scroll of fog {unknown}
Potions
 i - a potion of haste {unknown}
 k - 2 potions of curing {unknown}
 l - 2 potions of magic {unknown}
 o - a potion of mutation
Comestibles
 f - 2 rations


   Skills:
 + Level 2.9 Fighting
 * Level 3.6 Long Blades
 - Level 1.7 Throwing
 * Level 2.5 Armour
 + Level 2.9 Dodging


You had 3 spell levels left.
You didn't know any spells.
Your spell library was empty.

Dungeon Overview and Level Annotations

Branches:
Dungeon (3/15)

Altars:
Cheibriados


Innate Abilities, Weirdness & Mutations

You are resistant to torment.
Your stone body is resilient. (AC +3)
You are immune to poison.
You resist negative energy. (rN+)
You are resistant to electric shocks. (rElec)
You can survive without breathing.
You are immune to petrification.
You are immune to rotting.
Your large and strong wings let you fly indefinitely.
Your magical capacity is low. (-10% MP)
You expend magic power (3 MP) to strengthen your wands.


Message History

You are too injured to fight recklessly!
You are too injured to fight recklessly!
It was a potion of mutation.
You feel extremely strange.
You feel less energetic.
You feel your magical essence link to the dungeon's wands.
Your wings grow larger and stronger.
The gnoll barely misses you.
You riposte.
You barely miss the gnoll.
The gnoll is severely wounded.
Okay, then.
Okay, then.
A hobgoblin, an orc and an orc priest come into view.
The orc priest is wielding a +2 dagger of venom.
The orc is wielding a +1 whip of electrocution.
The hobgoblin shouts!
The orc priest looks encouraged for a moment.
Found a scroll labeled RUSAKK RAJAP XYJI.
An adder and a worm come into view.
The adder hisses angrily.
The orc priest invokes the aid of Beogh against you.
Beogh smites you!
You die...

.....########oo#
....... ...(. ##o# +#
....... ... #g# .#
#...... #.# .# +......
#o##.# #...... #.g#?#
####......
#.###g#.######.....####
#......g...........#...
#####.@.#####........##
##..# ######..# #.>..
#....# ##o.o.# ##..##
....# #..# ....# #..#
S...# #..# .w..# #..###
#.....


You could see a worm, an orc priest, 3 gnolls, an adder, 3 orcs and a hobgoblin.

Vanquished Creatures
  An orc priest (D:3)
  An orc wizard (D:3)
  2 dart slugs (D:1)
  6 orcs (D:3)
  2 giant cockroaches (D:2)
  4 goblins
  8 hobgoblins
  8 kobolds
  2 ball pythons
  4 bats
  A frilled lizard (D:2)
  8 rats
47 creatures vanquished.

Notes
Turn   | Place    | Note
-------+----------+-------------------------------------------
     0 | D:1      | Borgoz the Gargoyle Gladiator began the quest for the Orb.
     0 | D:1      | Reached XP level 1. HP: 12/12 MP: 1/1
   112 | D:1      | Reached XP level 2. HP: 18/18 MP: 2/2
   138 | D:1      | Reached skill level 1 in Armour
   171 | D:1      | Reached skill level 3 in Long Blades
   264 | D:1      | Reached XP level 3. HP: 21/22 MP: 3/3
   631 | D:2      | Found a snail-covered altar of Cheibriados.
   909 | D:3      | Reached XP level 4. HP: 5/27 MP: 4/4
  1603 | D:3      | Gained mutation: Your magical capacity is low. (-10% MP)
                  | [potion of mutation]
  1603 | D:3      | Gained mutation: You expend magic power (3 MP) to
                  | strengthen your wands. [potion of mutation]
  1603 | D:3      | Gained mutation: Your large and strong wings let you fly
                  | indefinitely. [potion of mutation]
  1609 | D:3      | Killed from afar by an orc priest

Levels and vault maps discovered:
D:1:      evilmike_arrival_rings, layout_rooms
D:2:      layout_rooms, lemuel_coloured_pillars_altar, minmay_tetromino_t4
D:3:      layout_basic, lemuel_round_altar

Skill      XL: |  1  2  3 |
---------------+----------+-----
Armour         | 1 2 |  2.5
Long Blades    | 3 |  3.6
Fighting       | |  2.9
Throwing       | |  1.7
Dodging        | |  2.9

Action                   |  1- 3 |  4- 6 || total
-------------------------+-------+-------++-------
Melee: Long sword        |   117 |    30 ||   147
  Use: Potion            |     1 |     1 ||     2
  Eat: Chunk             |       |     2 ||     2
Armor: Leather armour    |    59 |    14 ||    73
Dodge: Dodged            |   100 |    27 ||   127
       Rpst.: Long sword |    33 |     9 ||    42

Table legend:
 A = Non-vault XP
 B = Vault XP
 C = Vault XP percentage of total XP
 D = Non-vault monster count
 E = Vault monster count
 F = Vault count percentage of total count
                 A         B        C        D         E       F
            +---------+---------+-------+---------+---------+-------
      Total |     156 |       5 |   3.1 |      44 |       3 |   6.4
            +---------+---------+-------+---------+---------+-------
        D:1 |      36 |       0 |   0.0 |      22 |       0 |   0.0
        D:2 |      15 |       5 |  25.0 |       9 |       3 |  25.0
        D:3 |     105 |       0 |   0.0 |      13 |       0 |   0.0
            +---------+---------+-------+---------+---------+-------
